 Dungeon Crawl Stone Soup version 0.18.1-50-g88ac8fd (webtiles) character file.

144 Qew7 the Skirmisher (level 5, -5/42 HPs)
             Began as a Demonspawn Berserker on Oct 20, 2016.
             Was a Believer of Trog.
             Slain by Moofe's ghost (6 damage)
             ... on level 4 of the Dungeon on Oct 25, 2016.
             The game lasted 00:14:57 (4242 turns).

Qew7 the Skirmisher (Demonspawn Berserker)          Turns: 4242, Time: 00:14:58

Health: -5/42      AC:  3    Str: 18    XL:     5   Next: 5%
Magic:  5/5        EV: 13    Int:  8    God:    Trog [**....]
Gold:   193        SH:  0    Dex: 13    Spells: 0 memorised, 4 levels left

rFire  . . .     SeeInvis .     a - +1 spear
rCold  . . .     Gourm    .     b - +0 animal skin
rNeg   . . .     Faith    .     (no shield)
rPois  .         Spirit   .     (no helmet)
rElec  .         Dismiss  .     d - +0 cloak
rCorr  .         Reflect  .     (no gloves)
SustAt .         Harm     .     (no boots)
MR     .....                    (no amulet)
Stlth  ++........               (no ring)
                                (no ring)

@: not resistant to hostile enchantments, unstealthy
A: claws 1, sturdy frame 1
a: Berserk, Trog's Hand, Burn Spellbooks, Renounce Religion


You were on level 4 of the Dungeon.
You worshipped Trog.
Trog was pleased with you.
You were not hungry.

You visited 1 branch of the dungeon, and saw 5 of its levels.

You collected 193 gold pieces.

Inventory:

Hand Weapons
 a - a +1 spear (weapon)
 o - a +1 dagger of draining
Missiles
 g - 5 javelins (quivered)
Armour
 b - a +0 animal skin (worn)
 d - a +0 cloak (worn)
Scrolls
 i - a scroll of teleportation {unknown}
 l - a scroll of recharging
 q - a scroll of fog {unknown}
Potions
 c - a potion of degeneration
 e - 2 potions of flight
 h - 3 potions of curing
 j - a potion of haste {unknown}
 m - a potion of lignification {unknown}
 p - a potion of might {unknown}
 r - a potion of brilliance {unknown}
Comestibles
 f - a meat ration
 k - 2 bread rations
 n - a slice of pizza


   Skills:
 + Level 4.0 Fighting
 + Level 3.4 Polearms
 + Level 1.9 Armour
 + Level 2.7 Dodging
 + Level 1.8 Stealth


You had 4 spell levels left.
You didn't know any spells.

Dungeon Overview and Level Annotations

Branches:
Dungeon (5/15)
 Temple: D:4-7

Altars:
Pakellas
Qazlal
Xom
The Shining One

Annotations:
D:4 Moofe's ghost, amateur MfIE


Innate Abilities, Weirdness & Mutations

You have sharp fingernails.
Your movements are slightly less encumbered by armour (ER -2).


Message History

Moofe's ghost barely misses you.
You barely miss Moofe's ghost.
Moofe's ghost is lightly damaged.
Moofe's ghost closely misses you.
You barely miss Moofe's ghost.
Moofe's ghost is lightly damaged.
Moofe's ghost hits you.
* * * LOW HITPOINT WARNING * * *
You hit Moofe's ghost.
Moofe's ghost is lightly damaged.
Moofe's ghost hits you.
* * * LOW HITPOINT WARNING * * *
You writhe in agony.
* * * LOW HITPOINT WARNING * * *
You hit Moofe's ghost but do no damage.
Moofe's ghost is lightly damaged.
You barely miss Moofe's ghost.
Moofe's ghost is lightly damaged.
Moofe's ghost hits you.
You die...

.... ...
####..#
.....# #....+
....# ##...#
#@...#####
#W....('..
#......#..
#.....##
##....###..##
#.......#..'
#.......#..#
#.......#..#
#......##..#


You could see Moofe's ghost.

Vanquished Creatures
  3 adders
  2 river rats (D:3)
  An ooze (D:2)
  4 worms
  5 dart slugs
  2 giant geckos
  An orc (D:3)
  6 giant cockroaches
  8 goblins
  6 hobgoblins
  2 jackals (D:2)
  6 quokkas
  2 ball pythons
  5 bats
  4 giant newts
  8 kobolds
  7 rats
72 creatures vanquished.

Vanquished Creatures (others)
  A howler monkey (D:5)
  An adder (D:5)
  A giant gecko (D:5)
3 creatures vanquished.

Grand Total: 75 creatures vanquished

Notes
Turn   | Place    | Note
--------------------------------------------------------------
     0 | D:1      | Qew7 the Demonspawn Berserker began the quest for the Orb.
     0 | D:1      | Reached XP level 1. HP: 18/18 MP: 1/1
   131 | D:1      | Gained mutation: Your movements are slightly less encumbered by armour (ER -2). [demonic ancestry]
   131 | D:1      | Reached XP level 2. HP: 22/24 MP: 2/2
   381 | D:1      | Reached ** piety under Trog
   780 | D:1      | Reached XP level 3. HP: 29/29 MP: 3/3
   873 | D:2      | Found a stormy altar of Qazlal.
  1871 | D:2      | Found an oddly glowing altar of Pakellas.
  1873 | D:2      | Found a glowing golden altar of the Shining One.
  1973 | D:2      | Found a shimmering altar of Xom.
  2127 | D:2      | Gained mutation: You have sharp fingernails. [demonic ancestry]
  2127 | D:2      | Reached XP level 4. HP: 30/37 MP: 4/4
  2788 | D:3      | Found a glowing drain.
  2797 | D:3      | Reached skill level 1 in Stealth
  2816 | D:3      | HP: 1/37 [river rat (9)]
  3365 | D:3      | Reached skill level 4 in Fighting
  3875 | D:4      | Reached XP level 5. HP: 42/42 MP: 5/5
  3909 | D:4      | Noticed Moofe's ghost (amateur MfIE)
  3929 | D:5      | Entered Level 5 of the Dungeon
  4240 | D:4      | HP: 1/42 [Moofe's ghost (2)]
  4242 | D:4      | Slain by Moofe's ghost

Skill      XL: |  1  2  3  4 |
---------------+-------------+-----
Dodging        | 2 |  2.7
Polearms       | 3 |  3.4
Stealth        | 1 |  1.8
Fighting       | 4 |  4.0
Armour         | |  1.9

Action                   |  1- 3 |  4- 6 || total
-------------------------+-------+-------++-------
Melee: Spear             |   154 |   158 ||   312
Throw: Javelin           |       |     1 ||     1
  Use: Scroll            |     3 |     2 ||     5
 Stab: Sleeping          |     4 |     4 ||     8
  Eat: Bread ration      |     1 |       ||     1
       Meat ration       |       |     2 ||     2
Armor: Animal skin       |    18 |    18 ||    36
Dodge: Dodged            |    60 |    66 ||   126
